 Dungeon Crawl Stone Soup version 0.29-a0-284-gf9362112df (webtiles) character file.

Game seed: 10302978188228039738

33 horus123 the Poker (level 3, -6/27 HPs)
             Began as a Merfolk Gladiator on Mar 20, 2022.
             Was an Initiate of Makhleb.
             Killed by divine providence
             ... invoked by an orc priest
              (13 damage)
             ... on level 3 of the Dungeon.
             The game lasted 00:02:59 (1702 turns).

horus123 the Poker (Merfolk Gladiator)              Turns: 1702, Time: 00:02:59

Health: -6/27      AC:  6    Str: 14    XL:     3   Next: 29%
Magic:  3/3        EV: 13    Int:  9    God:    Makhleb [......]
Gold:   63         SH:  0    Dex: 17    Spells: 2/2 levels left

rFire   . . .      SeeInvis .   a - +0 trident
rCold   . . .      Faith    .   (no shield)
rNeg    . . .      Spirit   .   b - +0 leather armour
rPois   .          Reflect  .   c - +0 helmet
rElec   .          Harm     .   (no cloak)
rCorr   .          Rampage  .   (no gloves)
Will    .....                   (no boots)
Stlth   ++........              g - amulet of regeneration
HPRegen 0.89/turn               (no ring)
MPRegen 0.08/turn               (no ring)

@: no status effects
A: (nimble swimmer 2), mertail, iridescent scales 1, thin skeletal structure 1,
wild magic 1
a: Renounce Religion


You were on level 3 of the Dungeon.
You worshipped Makhleb.
Makhleb was noncommittal.
You visited 1 branch of the dungeon, and saw 3 of its levels.

You collected 63 gold pieces.

Inventory:

Hand Weapons
 a - a +0 trident (weapon)
Missiles
 d - 3 throwing nets (quivered)
 e - a javelin
 m - 4 boomerangs
Armour
 b - a +0 leather armour (worn)
 c - a +0 helmet (worn)
Jewellery
 g - an amulet of regeneration (around neck)
Scrolls
 h - 2 scrolls of vulnerability {unknown}
 k - 4 scrolls of identify {unknown}
 n - a scroll of magic mapping {unknown}
 p - a scroll of immolation {unknown}
Potions
 f - a potion of mutation
 i - a potion of lignification {unknown}
 j - a potion of berserk rage {unknown}
 l - 3 potions of might {unknown}
 o - a potion of cancellation {unknown}


   Skills:
 - Level 2.1 Fighting
 + Level 5.7 Polearms
 - Level 2.0 Throwing
 - Level 4.0 Dodging


You had 2 spell levels left.
You didn't know any spells.
Your spell library contained the following spells:

 Spells                   Type           Power      Damage    Failure   Level
 Beastly Appendage        Tmut           0%         N/A       54%         1
 Magic Dart               Conj           0%         1d3       54%         1
 Call Imp                 Summ           0%         N/A       69%         2
 Static Discharge         Conj/Air       0%         N/A       69%         2
 Wereblood                Tmut           0%         N/A       69%         2
 Mephitic Cloud           Conj/Pois/Air  0%         N/A       88%         3
 Spider Form              Tmut/Pois      0%         N/A       88%         3
 Airstrike                Air            0%         N/A       99%         4
 Summon Lightning Spire   Summ/Air       0%         N/A       99%         4
 Lightning Bolt           Conj/Air       0%         1d11      100%        5
 Maxwell's Capacitive Co  Air            0%         ∞         100%        8


Dungeon Overview and Level Annotations

Branches:
Dungeon (3/15)

Altars:
Makhleb

Shops:
D:1 (


Innate Abilities, Weirdness & Mutations

((You are very nimble when in or above water. (Stealth+, EV+, Speed+++)))
Your lower body shifts to a powerful aquatic tail in water.
You are partially covered in iridescent scales. (AC +2)
You have a somewhat thin skeletal structure. (Dex +2, Stealth+)
Your spells are a little harder to cast, but a little more powerful.


Message History

You closely miss the orc priest.
The orc priest is lightly wounded.
The orc priest misses you.
You closely miss the orc priest.
The orc priest is lightly wounded.
The orc priest hits you with a +0 short sword.
You barely miss the orc priest.
The orc priest is lightly wounded.
You closely miss the orc. You barely miss the orc.
You see here a +0 club.
You closely miss the orc. The orc closely misses you.
You hit the orc but do no damage. The orc misses you.
You barely miss the orc. The orc hits you with a +0 mace.
You barely miss the orc. The orc hits you but does no damage.
You hit the orc.
The orc is almost dead.
The orc misses you.
You completely miss the orc.
The orc is almost dead.
The orc priest mumbles some strange prayers to Beogh against you.
Beogh smites you!
Ouch! That really hurt!
The orc hits you with a +0 mace.
* * * LOW HITPOINT WARNING * * *
It was a potion of mutation.
You feel extremely strange.
Iridescent scales grow over part of your body.
You feel less in control of your magic.
Your bones become slightly less dense.
The orc barely misses you.
You hit the orc.
You kill the orc!
Makhleb accepts your kill.
You hit the orc priest but do no damage.
The orc priest is lightly wounded.
The orc priest closely misses you.
You hit the orc priest but do no damage.
The orc priest is lightly wounded.
The orc priest invokes the aid of Beogh against you.
Beogh smites you!
You die...

o. ..o.#####
........# #.#
##########.#######
........@oo.......
..
##########.#######
... ##.###### ....
#####.......# ....
.............#
....
...........†.#
....
.............####
#.
$.....#.........#
#.
......#.........#
#.


You could see an orc priest and an orc.

Vanquished Creatures
  An adder (D:2)
  An orc (D:3)
  3 bats (D:1)
  2 endoplasms
  2 giant cockroaches
  2 goblins
  2 hobgoblins
  A quokka (D:2)
  3 ball pythons
  2 frilled lizards
  2 kobolds
  3 rats
24 creatures vanquished.

Notes
Turn   | Place    | Note
-------+----------+-------------------------------------------
     0 | D:1      | horus123 the Merfolk Gladiator began the quest for the Orb.
     0 | D:1      | Reached XP level 1. HP: 16/16 MP: 1/1
   264 | D:1      | Reached XP level 2. HP: 15/22 MP: 2/2
   585 | D:1      | Found Faream's Antique Weapon Boutique.
   854 | D:2      | Reached skill level 5 in Polearms
  1008 | D:2      | Reached XP level 3. HP: 27/27 MP: 3/3
  1033 | D:2      | Found a burning altar of Makhleb.
  1042 | D:2      | Became a worshipper of Makhleb the Destroyer
  1699 | D:3      | Gained mutation: You are partially covered in iridescent
                  | scales. (AC +2) [potion of mutation]
  1699 | D:3      | Gained mutation: Your spells are a little harder to cast,
                  | but a little more powerful. [potion of mutation]
  1699 | D:3      | Gained mutation: You have a somewhat thin skeletal
                  | structure. (Dex +2, Stealth+) [potion of mutation]
  1702 | D:3      | Killed from afar by an orc priest

Illustrated notes

Levels and vault maps discovered:
D:1:      tarquinn_simple_flora_water_f, layout_loops_ring, serial_shops,
          nicolae_shop_behind_doors
D:2:      layout_loops_cross, basic_altar
D:3:      layout_basic, nrook_mini_vaults, kennysheep_potato, uniq_natasha

Skill      XL: |  1  2 |
---------------+-------+-----
Polearms       | 5 |  5.7
Fighting       | |  2.1
Throwing       | |  2.0
Dodging        | |  4.0

Action                   || total
-------------------------++-------
Melee: Trident           ||    98
  Use: Potion            ||     1
Armor: Leather armour    ||    19
Dodge: Dodged            ||    45

Table legend: (Time is in decaauts)
 A = Elapsed time spent in this place.
 B = Non-inter-level travel time spent in this place.
 C = Inter-level travel time spent in this place.
 D = Time resting spent in this place.
 E = Time spent auto-exploring this place.
 F = Levels seen in this place.
 G = Mean time per level.
                   A        B        C        D        E       F      G
               +--------+--------+--------+--------+--------+-----+--------+
         Total |   1705 |   1594 |    111 |     93 |   1263 |   3 |  568.3 |
       Dungeon |   1705 |   1594 |    111 |     93 |   1263 |   3 |  568.3 |
               +--------+--------+--------+--------+--------+-----+--------+

Top non-repeatable levels by time:
     D:1: 835 daAuts
     D:2: 681 daAuts
     D:3: 188 daAuts
